 Dungeon Crawl Stone Soup version 0.30-a0-743-gbfdf073431 (webtiles) character file.

Game seed: 17666882999702215610

1024 BlueFish the Sneak (level 8, -4/57 HPs)
             Began as a Vampire Enchanter on Feb 6, 2023.
             Was a Believer of Dithmenos.
             Slain by a hornet (9 damage)
             ... on level 5 of the Dungeon.
             The game lasted 00:17:08 (4953 turns).

BlueFish the Sneak (Vampire Enchanter)              Turns: 4953, Time: 00:17:09

Health: -4/57      AC:  6    Str: 13    XL:     8   Next: 2%
Magic:  1/13       EV: 13    Int: 19    God:    Dithmenos [**....]
Gold:   273        SH:  4    Dex: 15    Spells: 4/13 levels left

rFire   . . .      SeeInvis +    a - +1 dagger
rCold   . . .      Faith    .    n - +0 buckler
rNeg    . . .      Spirit   .    b - +1 robe
rPois   .          Reflect  .    (no helmet)
rElec   .          Harm     .    (no cloak)
rCorr   .          Rampage  .    h - +2 pair of gloves
Will    .....                    (no boots)
Stlth   ++++                     (no amulet)
HPRegen 0.49/turn                v - +6 ring of strength
MPRegen 0.13/turn                (no ring)

@: healing quickly, hasted and slowed, wreathed by umbra, invisible
A: alive, fangs 3, see invisible, vampiric 2
a: Exsanguinate, Renounce Religion, Shadow Step


You were on level 5 of the Dungeon.
You worshipped Dithmenos.
Dithmenos was pleased with you.
You visited 1 branch of the dungeon, and saw 5 of its levels.

You collected 273 gold pieces.

Inventory:

Hand Weapons
 a - a +1 dagger (weapon)
 g - a +0 short sword
 y - a +2 falchion of electrocution
Missiles
 e - 3 silver javelins (quivered)
 l - 9 boomerangs
Armour
 b - a +1 robe (worn)
 h - a +2 pair of gloves (worn)
 n - a +0 buckler (worn)
Jewellery
 v - a +6 ring of strength (left hand)
Scrolls
 f - 2 scrolls of enchant armour
 k - 2 scrolls of vulnerability {unknown}
 m - a scroll of fog {unknown}
 q - a scroll of noise {unknown}
 r - a scroll of fear {unknown}
 t - a scroll of amnesia {unknown}
 x - a scroll of magic mapping {unknown}
 z - a scroll of teleportation {unknown}
Potions
 c - a potion of invisibility
 d - a potion of magic {unknown}
 i - 2 potions of heal wounds {unknown}
 j - a potion of haste
 o - a potion of degeneration {unknown}
 p - a potion of might {unknown}
 s - 4 potions of attraction
 w - a potion of flight {unknown}
 A - a potion of curing


   Skills:
 + Level 2.4 Fighting
 + Level 3.2 Short Blades
 + Level 2.2 Throwing
 + Level 2.0 Armour
 + Level 3.7 Dodging
 + Level 6.4 Stealth
 + Level 1.7 Shields
 + Level 3.3 Spellcasting
 + Level 6.2 Hexes
 + Level 1.4 Necromancy
 + Level 2.0 Invocations


You had 4 spell levels left.
You knew the following spells:

 Your Spells              Type           Power      Damage    Failure   Level
a - Ensorcelled Hibernat  Hex/Ice        30%        N/A       9%          2
b - Confusing Touch       Hex            26%        N/A       4%          3
c - Tukima's Dance        Hex            26%        N/A       4%          3
d - Necrotise             Necr           32%        1d5       11%         1

Your spell library contained the following spells:

 Spells                   Type           Power      Damage    Failure   Level
 Dazzling Flash           Conj/Hex       30%        N/A       16%         3
 Portal Projectile        Hex/Tloc       30%        N/A       16%         3
 Summon Guardian Golem    Hex/Summ       15%        N/A       16%         3
 Shock                    Conj/Air       12%        1d3       19%         1
 Summon Small Mammal      Summ           12%        N/A       19%         1
 Vampiric Draining        Necr           8%         2d6       32%         3
 Anguish                  Hex/Necr       8%         N/A       38%         4
 Leda's Liquefaction      Hex/Erth       7%         N/A       47%         4
 Call Canine Familiar     Summ           3%         N/A       50%         3
 Spider Form              Tmut/Pois      3%         N/A       50%         3
 Swiftness                Air            3%         N/A       50%         3
 Airstrike                Air            1%         2d(1-17)  88%         4
 Iskenderun's Mystic Bla  Conj/Tloc      3%         2d3       88%         4
 Agony                    Necr           8%         N/A       96%         5
 Starburst                Conj/Fire      1%         6d3       100%        6


Dungeon Overview and Level Annotations

Branches:
Dungeon (5/15)
 Temple: D:4-7

Altars:
Dithmenos
Hepliaklqana
Qazlal
Trog
Xom

Annotations:
D:3 1 runed translucent door, Crazy Yiuf
D:4 3 runed translucent doors, boo's ghost, amateur SpEn
D:5 2 runed translucent doors


Innate Abilities, Weirdness & Mutations

Your natural rate of healing is accelerated.
You have razor-sharp teeth.
You have supernaturally acute eyesight. (SInv)
You are afflicted with vampirism and can become a bat while bloodless.


Message History

Dithmenos accepts your kill.
You see here a black bear corpse.
There is an open door here.
The orc attacks as you move away! You block the orc's attack.
Okay, then.
As you read the scroll of identify, it crumbles to dust.
j - 2 potions of haste The orc barely misses you.
You hit the orc.
The orc is heavily wounded.
You block the orc's attack.
You closely miss the orc.
The orc is heavily wounded.
The orc hits you with a +0 hand axe.
You hit the orc.
You kill the orc!
Dithmenos accepts your kill.
Casting: Ensorcelled Hibernation (safe; 9% risk of failure)
Confirm with . or Enter, or press ? or * to list all spells.
Aiming: Ensorcelled Hibernation (safe; 9% risk of failure)
Press: ? - help, Shift-Dir - straight line, f - hornet
Aim: a hornet (umbra, chance to affect: 39%)
The hornet resists with some effort.
The hornet stings you but does no damage.
You block the hornet's attack.
You feel yourself speed up. The hornet stings you!
* * * LOW HITPOINT WARNING * * *
You feel yourself slow down. The hornet attacks as you move away!
The hornet stings you.
* * * LOW HITPOINT WARNING * * *
You feel as though you will be slow longer.
The hornet barely misses you. The hornet attacks as you move away!
The hornet closely misses you. The hornet stings you.
* * * LOW HITPOINT WARNING * * *
You feel as though you will be slow longer.
Okay, then.
You fade into invisibility!
The hornet stings you!
You die...

## ###.###.####.....##
#..##.# #.##.##. ##.##.#
#.##.#y# #....# #.##.#o#
###..# #.#..#o### #..#
#.#..#.#†## #..# #.#..##)#†#
##..####.#...###'#
#........@y#..)..# ##
########...##.....####.##8::
...........#...........#8...
.....####..##..........+l...
...........###...###...+....
.....#####.# ##.## #.#.#8...
. .######.#########.#.##8}=
.........).......[#.. ###
#################.# .. .


You could see a hornet (unable to see you).

Vanquished Creatures
  2 black bears
  2 phantoms
  A scorpion (D:5)
  4 hounds
  2 jellies
  2 orc priests (D:5)
  Jessica (D:3)
  5 orc wizards
  4 gnolls (D:3)
  5 adders
  3 white imps
  6 worms
  3 dart slugs
  14 orcs
  10 ball pythons
  10 bats
  4 endoplasms
  4 giant cockroaches
  12 goblins
  11 hobgoblins
  7 jackals
  3 quokkas
  4 frilled lizards
  8 kobolds
  10 rats
137 creatures vanquished.

Vanquished Creatures (others)
  12 plants (D:2)
12 creatures vanquished.

Grand Total: 149 creatures vanquished

Notes
Turn   | Place    | Note
-------+----------+-------------------------------------------
     0 | D:1      | BlueFish the Vampire Enchanter began the quest for the Orb.
     0 | D:1      | Reached XP level 1. HP: 13/13 MP: 3/3
   112 | D:1      | Reached XP level 2. HP: 13/20 MP: 5/5
   120 | D:1      | Learned a level 2 spell: Ensorcelled Hibernation
   713 | D:1      | Gained mutation: You are afflicted with vampirism and can
                  | become a bat while bloodless. [Vampire growth]
   713 | D:1      | Reached XP level 3. HP: 25/25 MP: 6/6
   717 | D:1      | Learned a level 3 spell: Confusing Touch
  1421 | D:2      | Reached skill level 5 in Stealth
  1647 | D:2      | Reached XP level 4. HP: 31/31 MP: 7/7
  1698 | D:2      | Reached skill level 1 in Fighting
  1781 | D:2      | Reached skill level 1 in Throwing
  2090 | D:3      | Found a shimmering altar of Xom.
  2113 | D:3      | Found a runed translucent door.
  2114 | D:3      | Noticed Crazy Yiuf
  2172 | D:3      | Found a shadowy altar of Dithmenos.
  2187 | D:3      | Became a worshipper of Dithmenos the Shadowed
  2238 | D:3      | Noticed Jessica
  2250 | D:3      | Killed Jessica
  2251 | D:3      | Reached skill level 1 in Armour
  2251 | D:3      | Reached skill level 5 in Hexes
  2271 | D:3      | Reached XP level 5. HP: 37/37 MP: 5/8
  2527 | D:3      | Found a hazy altar of Hepliaklqana.
  3019 | D:3      | Reached XP level 6. HP: 43/43 MP: 5/10
  3321 | D:4      | Reached skill level 1 in Invocations
  3374 | D:4      | Reached * piety under Dithmenos
  3375 | D:4      | Reached skill level 1 in Shields
  3415 | D:4      | Learned a level 3 spell: Tukima's Dance
  3474 | D:4      | Noticed a moth of wrath
  3777 | D:4      | Learned a level 1 spell: Necrotise
  3804 | D:4      | Reached XP level 7. HP: 47/49 MP: 9/11
  4019 | D:4      | Found a bloodstained altar of Trog.
  4072 | D:4      | Reached ** piety under Dithmenos
  4330 | D:4      | Found a runed translucent gate.
  4330 | D:4      | Found a runed translucent gate.
  4331 | D:4      | Found a runed translucent gate.
  4333 | D:4      | Noticed boo's ghost (amateur SpEn)
  4522 | D:5      | Entered Level 5 of the Dungeon
  4717 | D:5      | Found a stormy altar of Qazlal.
  4751 | D:5      | Reached skill level 1 in Necromancy
  4822 | D:5      | Found a large runed translucent door.
  4822 | D:5      | Found a large runed translucent door.
  4822 | D:5      | Noticed a wyvern
  4915 | D:5      | Noticed a hornet
  4917 | D:5      | Reached XP level 8. HP: 55/57 MP: 7/13
  4953 | D:5      | Slain by a hornet

Illustrated notes

Levels and vault maps discovered:
D:1:      dpeg_arrival_subterranean_lakeside_camping, layout_loops_corners
D:2:      layout_loops_corners, serial_bayou_lake_a
D:3:      wander_river, layout_basic, nicolae_dithmenos_shadow_blocks,
          nicolae_hepliaklqana_hippocampus, xom_butterflies,
          minmay_crystal_water, chequers_avenue, grunt_ministairs_4,
          hangedman_decor_clover_reticule, uniq_crazy_yiuf_cottage, uniq_jessica
D:4:      layout_basic, tgw_trog, zin_statuary, gammafunk_ghost_necromancy,
          minmay_starry_boxes
D:5:      layout_loops_ring, grunt_qazlal_clouds, ashenzari_conservatory_becter,
          minmay_hollow_rounded_squares, uniq_eustachio

Skill      XL: |  1  2  3  4  5  6  7 |
---------------+----------------------+-----
Stealth        | 5 6 |  6.4
Fighting       | 1 2 |  2.4
Throwing       | 1 2 |  2.2
Short Blades   | 2 3 |  3.2
Armour         | 1 2 |  2.0
Hexes          | 5 6 |  6.2
Invocations    | 1 2 |  2.0
Dodging        | 3 |  3.7
Shields        | 1 |  1.7
Spellcasting   | 3 |  3.3
Necromancy     | 1 |  1.4

Action                     |  1- 3 |  4- 6 |  7- 9 || total
---------------------------+-------+-------+-------++-------
  Melee: Dagger            |   151 |   276 |   127 ||   554
         Bite              |    13 |    26 |    14 ||    53
         Punch             |     1 |       |       ||     1
   Cast: Ensorcelled Hiber |     1 |    24 |    23 ||    48
         Confusing Touch   |       |     3 |     2 ||     5
    Use: Scroll            |       |       |     3 ||     3
         Potion            |       |       |     2 ||     2
   Stab: Sleeping          |    12 |    23 |    20 ||    55
         Confused          |       |     1 |     2 ||     3
         Distracted        |       |     1 |     1 ||     2
 Armour: Robe              |    45 |    73 |    26 ||   144
  Dodge: Dodged            |    79 |   149 |    62 ||   290
  Block: Buckler           |       |    25 |    20 ||    45

Table legend: (Time is in decaauts)
 A = Elapsed time spent in this place.
 B = Non-inter-level travel time spent in this place.
 C = Inter-level travel time spent in this place.
 D = Time resting spent in this place.
 E = Time spent auto-exploring this place.
 F = Levels seen in this place.
 G = Mean time per level.
                   A        B        C        D        E       F      G
               +--------+--------+--------+--------+--------+-----+--------+
         Total |   4970 |   4833 |    137 |      7 |   3142 |   5 |  994.0 |
       Dungeon |   4970 |   4833 |    137 |      7 |   3142 |   5 |  994.0 |
               +--------+--------+--------+--------+--------+-----+--------+

Top non-repeatable levels by time:
     D:4: 1311 daAuts
     D:3: 1145 daAuts
     D:1: 1064 daAuts
     D:2: 1025 daAuts
     D:5: 423 daAuts
